Map: [ESL] Hard Lead

Players

marcmarcmarc (uThermal)

  • Race: Protoss Protoss
  • League: Master
  • Spawn Location: 11:00

MindelVK - Winner!

  • Race: Protoss Protoss
  • League: Grandmaster
  • Spawn Location: 5:00

VOD

Have the link to the VOD?

Description

Time

  • Played on: Dec. 18, 2023, 12:11 p.m.
  • Length: 4:54
Show
View Real Time Build Order
Export as new Build Order

marcmarcmarc Protoss 

Build Orders:  

Get SALT Encoding   

  12  0:00  Probe  
  13  0:12  Probe  
  14  0:17  Pylon  
  14  0:24  Probe  
  15  0:36  Probe  
  15  0:38  Gateway  
  16  0:48  Assimilator  
  16  0:49  Probe  
  17  1:01  Probe  
  18  1:04  Gateway  
  18  1:13  Probe  
  19  1:25  Cybernetics Core  
  19  1:26  Probe  
  19  1:30  Pylon  
  20  1:38  Probe  
  21  1:50  Probe  
  21  1:53  Warp Gate (Chrono Boost)  
  22  2:01  Adept x2  
  22  2:05  Gateway  
  26  2:13  Probe  
  27  2:17  Pylon  
  27  2:31  Stalker x2  
  31  2:40  Gateway  
  31  2:47  Assimilator  
  31  3:09  Pylon  
  31  3:10  Pylon  
  31  3:23  Stalker  
  31  3:26  Pylon  
  31  3:28  Stalker  
  31  3:33  Pylon  
  33  3:34  Pylon  
  33  3:38  Stalker  
  33  3:51  Adept x2  
  35  3:58  Zealot  
  37  4:03  Stalker  
  33  4:18  Stalker, Zealot  
  33  4:26  Stalker  
  35  4:35  Zealot  
Show
View Real Time Build Order
Export as new Build Order

MindelVK Protoss - Winner!

Build Orders:  

Get SALT Encoding   

  12  0:00  Probe  
  13  0:12  Probe  
  14  0:16  Pylon  
  14  0:24  Probe (Chrono Boost)  
  15  0:36  Probe (Chrono Boost)  
  15  0:40  Gateway  
  16  0:44  Probe (Chrono Boost)  
  16  0:47  Assimilator  
  17  0:51  Probe  
  18  0:59  Assimilator  
  18  1:03  Probe  
  19  1:06  Assimilator  
  19  1:15  Probe  
  20  1:24  Gateway  
  20  1:30  Cybernetics Core  
  20  1:33  Probe  
  21  1:45  Probe, Pylon  
  22  1:57  Probe  
  23  2:04  Warp Gate (Chrono Boost)  
  23  2:06  Stalker  
  25  2:09  Probe  
  25  2:14  Robotics Facility  
  26  2:23  Stalker  
  26  2:28  Pylon  
  28  2:36  Stalker  
  30  2:52  Shield Battery  
  30  2:53  Stalker  
  30  2:58  Pylon  
  31  3:09  Immortal (Chrono Boost)  
  35  3:19  Stalker  
  35  3:47  Stalker  
  35  3:50  Immortal (Chrono Boost)  
  39  3:59  Shield Battery  
  39  4:08  Pylon  
  39  4:11  Shield Battery  
  39  4:27  Adept x2  
  39  4:29  Shield Battery  
Tags
 
Matchup
PvP
Player
uThermal
Replay Pack
December 2023
Spawn Locations
Cross Positions
Add a new tag
Caveats
  • Supply blocks, unpowered buildings, or Contaminate may cause inaccurate times.
  • Supply counts are checked every 10 seconds.